 Dungeon Crawl Stone Soup version 0.21.1-1-g345015f (webtiles) character file.

121 diana the Slasher (level 5, -3/43 HPs)
             Began as a Barachi Fighter on June 27, 2018.
             Slain by an ice beast (12 damage)
             ... on level 1 of the Dungeon.
             The game lasted 00:05:02 (2457 turns).

diana the Slasher (Barachi Fighter)                 Turns: 2457, Time: 00:05:03

Health: -3/43      AC:  6    Str: 18    XL:     5   Next: 5%
Magic:  5/5        EV:  8    Int:  8    God:
Gold:   60         SH:  9    Dex: 12    Spells: 4/4 levels left

rFire    . . .     SeeInvis .   a - +0 long sword
rCold    . . .     Gourm    .   c - +0 shield
rNeg     . . .     Faith    .   b - +0 scale mail
rPois    .         Spirit   .   (no helmet)
rElec    .         Reflect  .   (no cloak)
rCorr    .         Harm     .   (no gloves)
MR       .....                  (no boots)
Stlth    ..........             (no amulet)
HPRegen  0.14/turn              (no ring)
MPRegen  0.09/turn              (no ring)

@: slow
A: +LOS, swims, slowness 1, strong legs 1
a: Hop


You were on level 1 of the Dungeon.
You were hungry.

You visited 1 branch of the dungeon, and saw 3 of its levels.

You collected 60 gold pieces.

Inventory:

Hand Weapons
 a - a +0 long sword (weapon)
Armour
 b - a +0 scale mail (worn)
 c - a +0 shield (worn)
Jewellery
 o - an uncursed amulet of guardian spirit {unknown}
 p - an uncursed ring of protection from magic {unknown}
Scrolls
 e - 2 scrolls of enchant weapon {unknown}
 g - 3 scrolls of magic mapping {unknown}
 h - 4 scrolls of amnesia {unknown}
 i - a scroll of remove curse {unknown}
 k - a scroll of identify {unknown}
 r - a scroll of blinking {unknown}
Potions
 d - a potion of might
 j - a potion of lignification {unknown}
 l - 2 potions of degeneration {unknown}
 m - a potion of curing {unknown}
 n - a potion of mutation {unknown}
 q - a potion of agility {unknown}
Comestibles
 f - 4 rations


   Skills:
 + Level 4.5 Fighting
 * Level 4.7 Long Blades
 - Level 3.6 Armour
 + Level 2.2 Dodging
 - Level 3.2 Shields


You had 4 spell levels left.
You didn't know any spells.

Dungeon Overview and Level Annotations

Branches:
Dungeon (3/15)

Altars:
Cheibriados
Elyvilon
Makhleb


Innate Abilities, Weirdness & Mutations

Shadows flee at your approach. (+LOS)
You can swim through water.
You cover ground slowly.
You can hop short distances.


Message History

There is an escape hatch in the ceiling here.
The ice beast hits you.
* * * LOW HITPOINT WARNING * * *
The ice beast freezes you!
* * * LOW HITPOINT WARNING * * *
A mysterious force pulls you upwards. The hatch slams shut behind you.
You block the ice beast's attack. You block the ice beast's attack.
The ice beast closely misses you. You block the ice beast's attack.
You see here a club.
The ice beast closely misses you.
You are feeling hungry.
The ice beast hits you but does no damage.
You see here a short sword.
You block the ice beast's attack. The ice beast hits you.
* * * LOW HITPOINT WARNING * * *
The ice beast freezes you!
You die...

############# #.#
#.......# #.#
#####'####.# #)#
........##.# #.#
........##.#
####.#
........##.#
#....#
........##.#
#.####
........##.## #Y#
............# #@#
.........#..# #.#
......†..#######.#
.........#.....).#
........†#.#######
...........#
........####
#########


You could see an ice beast.

Vanquished Creatures
  4 adders (D:2)
  An adder skeleton (D:3)
  4 worms (D:2)
  A dart slug (D:1)
  4 leopard geckos
  6 giant cockroaches
  7 goblins
  4 hobgoblins
  2 quokkas (D:2)
  3 ball pythons
  10 bats
  4 frilled lizards
  10 kobolds
  6 rats
66 creatures vanquished.

Notes
Turn   | Place    | Note
-------+----------+-------------------------------------------
     0 | D:1      | diana the Barachi Fighter began the quest for the Orb.
     0 | D:1      | Reached XP level 1. HP: 18/18 MP: 1/1
   288 | D:1      | Reached XP level 2. HP: 24/25 MP: 2/2
   431 | D:1      | Reached skill level 1 in Dodging
   491 | D:1      | Reached XP level 3. HP: 30/30 MP: 3/3
  1108 | D:2      | Reached XP level 4. HP: 37/37 MP: 4/4
  1183 | D:2      | Found a burning altar of Makhleb.
  1316 | D:2      | Found a white marble altar of Elyvilon.
  1983 | D:3      | Found a snail-covered altar of Cheibriados.
  2186 | D:3      | Reached XP level 5. HP: 41/43 MP: 5/5
  2277 | D:3      | Noticed an ice beast
  2457 | D:1      | Slain by an ice beast

Skill      XL: |  1  2  3  4 |
---------------+-------------+-----
Long Blades    | 3 4 |  4.7
Dodging        | 1 2 |  2.2
Fighting       | 4 |  4.5
Armour         | |  3.6
Shields        | |  3.2

Action                   |  1- 3 |  4- 6 || total
-------------------------+-------+-------++-------
Melee: Long sword        |    95 |   119 ||   214
  Eat: Chunk             |       |     6 ||     6
Armor: Scale mail        |    36 |    77 ||   113
Dodge: Dodged            |    41 |    59 ||   100
Block: Shield            |    49 |    75 ||   124
       Rpst.: Long sword |    18 |    16 ||    34
